 Dungeon Crawl Stone Soup version 0.29.1-15-g9cfb28693d (webtiles) character file.

Game seed: 11632538362506825252

288 LowPressure the Chopper (level 6, 0/47 HPs)
             Began as a Demonspawn Gladiator on Mar 17, 2023.
             Slain by an iguana (3 damage)
             ... on level 4 of the Dungeon on Mar 22, 2023.
             The game lasted 00:08:55 (3470 turns).

LowPressure the Chopper (Demonspawn Gladiator)      Turns: 3470, Time: 00:08:56

Health: 0/47       AC: 13    Str: 16    XL:     6   Next: 9%
Magic:  6/6        EV: 13    Int:  9    God:
Gold:   166        SH:  0    Dex: 25    Spells: 5/5 levels left

rFire   . . .      SeeInvis .   a - +0 war axe
rCold   . . .      Faith    .   (no shield)
rNeg    + . .      Spirit   .   o - +3 ring mail of Lies {-Tele rElec rN+ Dex+10}
rPois   .          Reflect  .   c - +0 helmet
rElec   +          Harm     .   (no cloak)
rCorr   .          Rampage  .   (no gloves)
Will    .....      NoTele   +   f - +0 pair of boots
Stlth   ++........              u - amulet of the acrobat
HPRegen 0.15/turn               (no ring)
MPRegen 0.10/turn               (no ring)

@: no status effects
A: hooves 1, slimy green scales 2
a: no special abilities


You were on level 4 of the Dungeon.
You visited 1 branch of the dungeon, and saw 4 of its levels.

You collected 166 gold pieces.

Inventory:

Hand Weapons
 a - a +0 war axe (weapon)
Missiles
 d - 3 throwing nets (quivered)
 e - a javelin
Armour
 b - a +0 leather armour
 c - a +0 helmet (worn)
 f - a +0 pair of boots (worn)
 k - a +0 ring mail
 o - the +3 ring mail of Lies (worn) {-Tele rElec rN+ Dex+10}
   (You found it on level 2 of the Dungeon)

   Dex:       It affects your dexterity (+10).
   rElec:     It insulates you from electricity.
   rN:        It protects you from negative energy.
   -Tele:     It prevents most forms of teleportation.
Jewellery
 u - an amulet of the acrobat (around neck)
Scrolls
 g - 6 scrolls of identify {unknown}
 n - a scroll of butterflies {unknown}
 p - a scroll of brand weapon {unknown}
 q - a scroll of acquirement {unknown}
 t - a scroll of torment {unknown}
 x - a scroll of blinking {unknown}
 y - a scroll of teleportation {unknown}
Potions
 h - 4 potions of attraction {unknown}
 i - a potion of lignification {unknown}
 j - 2 potions of curing {unknown}
 l - a potion of berserk rage {unknown}
 m - a potion of flight {unknown}
 r - a potion of mutation {unknown}
 s - a potion of cancellation {unknown}
 v - a potion of degeneration {unknown}
 w - a potion of resistance {unknown}
 z - a potion of magic {unknown}


   Skills:
 + Level 3.0 Fighting
 + Level 4.7 Axes
 + Level 1.7 Throwing
 + Level 1.7 Armour
 + Level 3.5 Dodging
 + Level 0.8 Stealth


You had 5 spell levels left.
You didn't know any spells.
Your spell library contained the following spells:

 Spells                   Type           Power      Damage    Failure   Level
 Sting                    Tmut/Pois      0%         1d3       58%         1
 Ensorcelled Hibernation  Hex/Ice        0%         N/A       75%         2
 Passwall                 Tmut/Erth      0%         N/A       75%         2
 Poisonous Vapours        Pois/Air       0%         N/A       75%         2
 Dazzling Flash           Conj/Hex       0%         N/A       92%         3
 Swiftness                Air            0%         N/A       92%         3
 Iskenderun's Mystic Bla  Conj/Tloc      0%         2d3       100%        4
 Olgreb's Toxic Radiance  Pois           0%         N/A       100%        4
 Starburst                Conj/Fire      0%         6d3       100%        6


Dungeon Overview and Level Annotations

Branches:
Dungeon (4/15)
 Temple: D:4-7

Altars:
Gozag
Nemelex Xobeh

Shops:
D:1 [

Annotations:
D:3 exclusion: downstairs
D:4 Grinder


Innate Abilities, Weirdness & Mutations

You have large cloven feet.
You are mostly covered in slimy green scales. (AC +3)


Message History

The iguana barely misses you.
You hit the iguana.
The iguana is heavily wounded.
The iguana bites you but does no damage.
The iguana bites you.
You hit the iguana.
The iguana is almost dead.
The iguana closely misses you.
An iguana comes into view.
You hit the iguana.
The iguana is almost dead.
The iguana bites you.
You closely miss the iguana.
The iguana is almost dead.
The iguana misses you.
You slash the iguana!
You kill the iguana!
You have reached level 6!
You hit the iguana but do no damage. The iguana misses you.
You slash the iguana! You punch the iguana, but do no damage.
The iguana is heavily wounded.
The iguana bites you but does no damage.
You barely miss the iguana.
The iguana is heavily wounded.
The iguana hisses menacingly.
The iguana bites you!
You hit the iguana.
The iguana is heavily wounded.
The iguana bites you!
* * * LOW HITPOINT WARNING * * *
The iguana closely misses you.
You barely miss the iguana.
The iguana is heavily wounded.
The iguana completely misses you.
You barely miss the iguana.
The iguana is heavily wounded.
The iguana bites you!
* * * LOW HITPOINT WARNING * * *
The iguana attacks as you move away! The iguana bites you.
You die...

#.........###...........#
#.........#######.......#
#...............#......(#
##.......######.........#
##.....## ####...##...
####### ###.#.# #...#.#
###.### # #..@# ##.l....#
....###.# #..#.. #...#.
##.. #. ... . .## ##


You could see an iguana.

Vanquished Creatures
  A howler monkey (D:3)
  2 orc priests (D:4)
  2 iguanas (D:4)
  An orc wizard (D:3)
  3 adders
  2 worms (D:2)
  2 dart slugs
  6 orcs (D:3)
  8 ball pythons
  4 endoplasms
  3 giant cockroaches (D:3)
  9 goblins
  5 hobgoblins
  3 jackals (D:1)
  3 quokkas
  5 bats
  2 frilled lizards (D:1)
  8 kobolds
  2 rats
71 creatures vanquished.

Notes
Turn   | Place    | Note
-------+----------+-------------------------------------------
     0 | D:1      | LowPressure the Demonspawn Gladiator began the quest for
                  | the Orb.
     0 | D:1      | Reached XP level 1. HP: 16/16 MP: 1/1
   382 | D:1      | Gained mutation: You are partially covered in slimy green
                  | scales. (AC +2) [demonic ancestry]
   382 | D:1      | Reached XP level 2. HP: 22/22 MP: 2/2
   561 | D:1      | Reached skill level 3 in Axes
   708 | D:1      | Found Leusom's Antique Armour Emporium.
   793 | D:1      | Found a faded altar of an unknown god.
  1519 | D:2      | Reached XP level 3. HP: 27/27 MP: 3/3
  1595 | D:2      | Identified the +3 ring mail of Lies {-Tele rElec rN+
                  | Dex+10}
  1663 | D:2      | Reached skill level 1 in Armour
  2124 | D:3      | Gained mutation: You are mostly covered in slimy green
                  | scales. (AC +3) [demonic ancestry]
  2124 | D:3      | Reached XP level 4. HP: 33/33 MP: 4/4
  2244 | D:3      | Found an opulent altar of Gozag.
  2244 | D:3      | Found a sparkling altar of Nemelex Xobeh.
  2484 | D:3      | Reached skill level 4 in Axes
  2868 | D:4      | Gained mutation: You have large cloven feet. [demonic
                  | ancestry]
  2868 | D:4      | Reached XP level 5. HP: 23/39 MP: 5/5
  3246 | D:4      | Noticed Grinder
  3464 | D:4      | Reached XP level 6. HP: 33/47 MP: 6/6
  3470 | D:4      | Slain by an iguana

Illustrated notes

Levels and vault maps discovered:
D:1:      amcnicky_arrival_blooded_trapdoor, layout_basic,
          shapermc_ecumenical_altar_hornbeckon, serial_shops, shop,
          dreamdust_wishing_well, chequers_serial_rivers_room_b,
          roderic_roman_lattice, kennysheep_decorative_pillar
D:2:      layout_rooms, minmay_octomino_e4
D:3:      layout_basic, grunt_temple_overflow_opulence, minivault_19
D:4:      layout_rooms, serial_shops, shop, hangedman_abyss_or_decor_stagger,
          uniq_grinder

Skill      XL: |  1  2  3  4  5 |
---------------+----------------+-----
Dodging        | 3 |  3.5
Axes           | 3 4 |  4.7
Armour         | 1 |  1.7
Fighting       | 3 |  3.0
Throwing       | |  1.7
Stealth        | |  0.8

Action                   |  1- 3 |  4- 6 || total
-------------------------+-------+-------++-------
Melee: War axe           |   117 |   118 ||   235
       Punch             |     1 |     3 ||     4
 Stab: Sleeping          |     2 |       ||     2
       Distracted        |     1 |       ||     1
Armor: Leather armour    |    11 |       ||    11
       Ring mail         |    49 |    45 ||    94
Dodge: Dodged            |   106 |    75 ||   181
